 Dungeon Crawl Stone Soup version 0.30-b1-5-g8e6c1be481 (webtiles) character file.

Game seed: 3938795632763069245

247250 MacCMillion the Warrior (level 18, -22/171 (178) HPs)
             Began as a Minotaur Fighter on May 3, 2023.
             Was a High Priest of Okawaru.
             Shot with a bolt by a yaktaur captain (36 damage)
             ... on level 2 of the Vaults on May 4, 2023.
             The game lasted 01:51:08 (45609 turns).

MacCMillion the Warrior (Minotaur Fighter)         Turns: 45609, Time: 01:51:08

HP:   -22/171 (178) AC: 39    Str: 27    XL:     18   Next: 81%
MP:   0/26          EV:  9    Int:  5    God:    Okawaru [*****.]
Gold: 4058          SH: 13    Dex: 12    Spells: 17/17 levels left

rFire   . . .        s - +6 broad axe of Ashromm {flame, rPois Will- rCorr}
rCold   + . .        M - +0 kite shield
rNeg    . . .        J - +0 crystal plate armour
rPois   +            W - +1 hat
rElec   .            Y - +1 cloak {rCorr}
rCorr   +            X - +2 pair of gloves
SInv    .            H - +2 pair of boots
Will    .....        N - amulet of guardian spirit Stlth
                     k - +4 ring of protection
HPRegen 0.48/turn    y - ring of protection from cold
MPRegen 0.20/turn

%: guardian spirit
@: lightly drained
A: horns 2, retaliatory headbutt
}: 2/15 runes: decaying, gossamer
a: Renounce Religion, Heroism, Finesse, Duel


You were on level 2 of the Vaults.
You worshipped Okawaru.
Okawaru was extremely pleased with you.
You visited 7 branches of the dungeon, and saw 33 of its levels.
You also visited: Ice Cave.

You collected 4258 gold pieces.
You spent 200 gold pieces at shops.

Inventory:

Hand Weapons
 a - a +4 broad axe of flaming
 s - the +6 broad axe of Ashromm (weapon) {flame, rPois Will- rCorr}
   (Okawaru gifted it to you on level 2 of the Lair of Beasts)

   rPois:     It protects you from poison.
   rCorr:     It protects you from acid and corrosion.
   Will:      It decreases your willpower.
Missiles
 l - a silver javelin
 I - 10 curare-tipped darts
 O - 21 boomerangs (quivered)
 R - 28 poisoned darts
 S - a datura-tipped dart
 U - 5 javelins
 V - 9 atropa-tipped darts
Armour
 H - a +2 pair of boots (worn)
 J - a +0 crystal plate armour (worn)
 M - a +0 kite shield (worn)
 W - a +1 hat (worn)
 X - a +2 pair of gloves (worn)
 Y - a +1 cloak of preservation (worn)
Jewellery
 k - a +4 ring of protection (left hand)
 y - a ring of protection from cold (right hand)
 A - a ring of protection from fire
 F - a ring of ice
 N - an amulet of guardian spirit (around neck)
 Z - a ring of resist corrosion
Wands
 c - a wand of mindburst (11)
 p - a wand of iceblast (11)
 u - a wand of flame (73)
 L - a wand of quicksilver (51)
 P - a wand of digging (3)
Scrolls
 b - 7 scrolls of magic mapping
 e - 5 scrolls of poison
 h - 5 scrolls of amnesia
 i - 2 scrolls of fog
 m - 8 scrolls of blinking
 o - 2 scrolls of fear
 q - 4 scrolls of enchant armour
 t - 3 scrolls of vulnerability
 x - 8 scrolls of immolation
 B - 2 scrolls of torment
 D - 7 scrolls of teleportation
 E - 10 scrolls of enchant weapon
Potions
 d - 7 potions of might
 f - 6 potions of heal wounds
 g - 8 potions of curing
 j - a potion of flight
 n - 5 potions of lignification
 r - a potion of resistance
 v - 10 potions of attraction
 w - 4 potions of haste
 z - a potion of cancellation
 C - 5 potions of mutation
 G - 5 potions of ambrosia
 K - 4 potions of berserk rage
 Q - 3 potions of magic
 T - a potion of invisibility


   Skills:
 - Level 20.0 Fighting
 - Level 16.0 Axes
 - Level 15.0 Throwing
 - Level 16.0 Armour
 + Level 11.2 Dodging
 - Level 4.0 Stealth
 - Level 15.0 Shields
 + Level 12.2 Invocations


You had 17 spell levels left.
You didn't know any spells.
Your spell library contained the following spells:

 Spells                   Type           Power      Damage    Failure   Level
 Beastly Appendage        Tmut           0%         N/A       100%        1
 Foxfire                  Conj/Fire      0%         2x1d4     100%        1
 Freeze                   Ice            0%         1d3       100%        1
 Slow                     Hex            0%         N/A       100%        1
 Blink                    Tloc           0%         N/A       100%        2
 Cigotuvi's Dreadful Rot  Necr/Pois/Air  0%         N/A       100%        2
 Ensorcelled Hibernation  Hex/Ice        0%         N/A       100%        2
 Lesser Beckoning         Tloc           0%         N/A       100%        2
 Momentum Strike          Conj/Tloc      0%         3d8       100%        2
 Poisonous Vapours        Pois/Air       0%         N/A       100%        2
 Sublimation of Blood     Necr           0%         N/A       100%        2
 Confusing Touch          Hex            0%         N/A       100%        3
 Dazzling Flash           Conj/Hex       0%         N/A       100%        3
 Frozen Ramparts          Ice            0%         1d1       100%        3
 Hailstorm                Conj/Ice       0%         3d3       100%        3
 Ignite Poison            Fire/Tmut/Pois 0%         N/A       100%        3
 Inner Flame              Hex/Fire       0%         N/A       100%        3
 Mephitic Cloud           Conj/Pois/Air  0%         N/A       100%        3
 Ozocubu's Armour         Ice            0%         N/A       100%        3
 Portal Projectile        Hex/Tloc       0%         N/A       100%        3
 Spider Form              Tmut/Pois      0%         N/A       100%        3
 Swiftness                Air            0%         N/A       100%        3
 Vampiric Draining        Necr           0%         2d6       100%        3
 Volatile Blastmotes      Fire/Tloc      0%         2d10      100%        3
 Anguish                  Hex/Necr       0%         N/A       100%        4
 Cause Fear               Hex            0%         N/A       100%        4
 Ice Form                 Ice/Tmut       0%         N/A       100%        4
 Iskenderun's Mystic Bla  Conj/Tloc      0%         2d3       100%        4
 Leda's Liquefaction      Hex/Erth       0%         N/A       100%        4
 Petrify                  Tmut/Erth      0%         N/A       100%        4
 Sticky Flame             Conj/Fire      0%         2d3       100%        4
 Fireball                 Conj/Fire      0%         3d3       100%        5
 Freezing Cloud           Conj/Ice/Air   0%         6-21      100%        5
 Irradiate                Conj/Tmut      0%         3d11      100%        5
 Metabolic Englaciation   Hex/Ice        0%         N/A       100%        5
 Yara's Violent Unravell  Hex/Tmut       0%         3d3       100%        5
 Plasma Beam              Fire/Air       0%         2x1d11    100%        6
 Starburst                Conj/Fire      0%         6d3       100%        6
 Enfeeble                 Hex            0%         N/A       100%        7
 Orb of Destruction       Conj           0%         9d5       100%        7
 Ignition                 Fire           0%         3d3       100%        8
 Call Canine Familiar     Summ           Unusable   N/A       N/A         3
 Summon Guardian Golem    Hex/Summ       Unusable   N/A       N/A         3
 Simulacrum               Ice/Necr       Unusable   N/A       N/A         6
 Spellforged Servitor     Conj/Summ      Unusable   N/A       N/A         7
 Summon Horrible Things   Summ           Unusable   N/A       N/A         8

Dungeon Overview and Level Annotations

Branches:
Dungeon (15/15)            Temple (1/1) D:4            Lair (5/5) D:11
  Swamp (4/4) Lair:2       Spider (4/4) Lair:2        Slime (0/5) Lair:4
    Orc (2/2) D:11            Elf (0/3) Orc:2        Vaults (2/5) D:14
  IceCv (visited)
  Crypt: Vaults:2-3  Depths: D:15

Altars:
Ashenzari
Cheibriados
Elyvilon
Fedhas
Gozag
Hepliaklqana
Kikubaaqudgha
Makhleb
Nemelex Xobeh
Okawaru
Qazlal
Trog
Uskayaw
Vehumet
Xom
Yredelemnul
Zin
The Shining One
Jiyva

Shops:
D:4 ?   Orc:1 *   Orc:2 ![((   Vaults:1 *

Annotations:
D:3 Sigmund
D:7 3 runed translucent doors, Mysteryquy's ghost, novice MiBe
D:9 Maggie
D:10 2 transporters, MacCMillion's ghost, journeyman MiFi
D:15 Louise
Lair:3 1 runed translucent door, Seddiev's ghost, journeyman MiFi
Swamp:3 Mara


Innate Abilities, Weirdness & Mutations

You have a pair of horns on your head.
You reflexively headbutt those who attack you in melee.


Message History

You burn the orc knight! The orc knight misses you. You furiously retaliate!
You headbutt the orc knight!
The vault warden hits you with a +0 long sword!!
* * * LOW HITPOINT WARNING * * *
The deep troll bites you!
* * * LOW HITPOINT WARNING * * *
The deep troll claws you but does no damage. x2
The vault guard hits you but does no damage.
You block the vault guard's attack.
You slice the yaktaur captain!! You burn the yaktaur captain.
The yaktaur captain is heavily wounded.
The vault warden blocks your attack.
You slash the orc knight! You burn the orc knight. You slash the deep troll!
You burn the deep troll. You slash the vault guard! You burn the vault guard.
The vault warden barely misses you. The orc knight barely misses you.
The vault guard hits you but does no damage. x2
The deep troll bites you!
* * * LOW HITPOINT WARNING * * *
You block the deep troll's attack. The deep troll closely misses you.
The yaktaur captain unwields a +0 arbalest.
The yaktaur captain hits you but does no damage.
You hit the yaktaur captain. You burn the yaktaur captain.
The yaktaur captain is heavily wounded.
You slice the vault warden!! You burn the vault warden.
You closely miss the orc knight. You closely miss the deep troll.
You closely miss the vault guard. You block the orc knight's attack.
You block the vault guard's attack.
The vault warden hits you but does no damage.
The deep troll barely misses you.
The deep troll claws you but does no damage.
The deep troll misses you.
The vault guard hits you from afar with a +0 halberd!!
* * * LOW HITPOINT WARNING * * *
Unknown command.
Blink to where?
Press: ? - help, Dir - move target
As you read the scroll of blinking, it crumbles to dust.
The yaktaur captain wields a +0 arbalest.
The yaktaur captain shoots a bolt.
The bolt hits you!!!
You die...

#............poT.........
##############§p.........
#.c.####+### #...# ....
#...#...... #...#.....
#...#......
##############...#......
#....#..#....#@..#......
#....#..#....#...#######
#....#..#....#........
#.[.##..##...'........
#...#....#...#........
#...'...['.(<#........
#...#....#...#........
#...##..##...#........
#....#..#....#.!......


You could see a yaktaur captain and a vault guard.

Vanquished Creatures
  Bai Suzhen (Spider:3)
  Nikola (Spider:3)
  Arachne (Spider:2)
  Mlioglotl (Spider:3)
  A tentacled monstrosity (Swamp:4)
  A shadow dragon (Vaults:1)
  4 thorn hunters
  Agnes (Spider:4)
  Kirke (Lair:4)
  Gastronok (Lair:2)
  4 fenstrider witches (Swamp:4)
  8 emperor scorpions
  A fire giant (Vaults:1)
  A ghost moth (Spider:4)
  2 vault wardens (Vaults:1)
  A reaper (IceCv)
  A ghoul (Swamp:4)
  A war gargoyle (Vaults:1)
  10 ironbound preservers
  4 very ugly things (Vaults:1)
  A broodmother (Spider:4)
  2 ironbound thunderhulks (Vaults:1)
  6 eleionomae
  Azrael (Spider:3)
  3 bunyips
  A spark wasp (Spider:4)
  A crystal guardian (Vaults:1)
  A blizzard demon (Swamp:4)
  A green death (Swamp:4)
  5 yaktaur captains (Vaults:1)
  2 shambling mangroves (Swamp:4)
  An ice dragon (Lair:5)
  7 entropy weavers
  A great orb of eyes (Vaults:1)
  3 hydras
  A peacekeeper (Vaults:1)
  8 boulder beetles
  An ogre mage (Swamp:4)
  A spriggan air mage (Swamp:4)
  3 radroaches
  2 jorogumos
  3 vault guards
  2 catoblepae
  5 centaur warriors
  4 ironbound frosthearts
  A death knight (D:15)
  3 merfolk avatars (Swamp:4)
  12 alligators
  A ghost crab (Swamp:3)
  3 two-headed ogres
  5 death yaks
  A spriggan berserker (Swamp:4)
  3 tengu warriors (D:14)
  Sonja (Lair:2)
  3 orc high priests (Orc:2)
  2 skysharks
  2 goliath frogs
  2 sixfirhies (Swamp:4)
  3 sun moths
  3 pharaoh ants
  3 spriggan druids (Swamp:4)
  2 death drakes (Swamp:4)
  3 deep trolls (Vaults:1)
  6 orb spiders
  2 glowing orange brains (Vaults:1)
  2 swamp dragons (Swamp:1)
  2 wizards
  4 ironbound convokers
  8 steelbarb worms
  4 bog bodies
  7 orc knights
  12 lindwurms
  A phantasmal warrior (D:15)
  12 ugly things
  A salamander (shapeshifter) (D:15)
  2 deep elf pyromancers (Swamp:4)
  10 orc sorcerers
  15 wolf spiders
  5 manticores
  6 cyclopes
  An oklob plant (Lair:3)
  2 ice statues (IceCv)
  3 moths of wrath
  4 elephants (Lair:5)
  12 demonic crawlers
  A black mamba (shapeshifter) (D:14)
  7 black mambas
  7 vault sentinels (Vaults:1)
  12 torpor snails
  5 cane toads
  A gargoyle (D:12)
  2 yaktaurs (Vaults:1)
  9 komodo dragons
  5 kobold demonologists
  3 efreet
  3 freezing wraiths (D:15)
  7 ice devils (IceCv)
  2 tengu conjurers (D:14)
  2 rime drakes
  2 anaconda simulacra (IceCv)
  5 trolls
  16 hornets
  A bloated husk (Swamp:1)
  A hellwing (Swamp:4)
  6 meliai
  9 tyrant leeches
  Grinder (D:4)
  11 polar bears
  22 tarantellas
  23 blink frogs
  6 dream sheep (Lair:5)
  2 raiju (Lair:5)
  37 jumping spiders
  14 slime creatures
  20 culicivoras
  3 shadows
  6 spriggans
  A spriggan (shapeshifter) (D:14)
  3 vampires
  2 wraiths (D:11)
  A yak (shapeshifter) (D:14)
  34 yaks
  5 wyverns
  8 basilisks
  2 dire elephant simulacra (IceCv)
  5 fire elementals (Spider:3)
  3 hogs (Lair:4)
  10 vampire mosquitoes
  2 neqoxecs (Swamp:4)
  A steam dragon (D:8)
  82 redbacks
  3 harpy simulacra (IceCv)
  8 wargs
  15 swamp worms
  An acid dragon (D:8)
  14 water moccasins
  14 hell hounds
  3 hydra simulacra (IceCv)
  A swamp drake (Swamp:4)
  3 sky beasts (D:6)
  2 ice beasts
  21 orc warriors
  13 black bears
  A boggart (Vaults:1)
  17 wolves (Lair:5)
  4 ogres
  6 centaurs
  A phantom (D:5)
  2 kobold brigands
  20 bullfrogs
  2 gnoll sergeants
  2 scorpions
  3 wights (D:8)
  3 howler monkeys
  2 electric eels
  A hound (D:5)
  A jelly (D:6)
  A gnoll bouda (D:6)
  15 orc priests
  3 iguanas
  Crazy Yiuf (D:3)
  28 orc wizards
  A spriggan simulacrum (IceCv)
  A wolf simulacrum (IceCv)
  8 gnolls
  4 adders
  2 naga simulacra (IceCv)
  A shadow imp (D:6)
  3 white imps
  A worm (D:2)
  2 dart slugs
  52 orcs
  3 ball pythons
  5 endoplasms
  3 giant cockroaches
  8 goblins
  3 hobgoblins
  19 kobolds
  3 quokkas
  2 bats
  2 frilled lizards
  6 rats
  5 briar patches (Swamp:3)
1041 creatures vanquished.

Vanquished Creatures (others)
  A swamp dragon (Swamp:4)
  57 fungi
  81 plants
  2 starspawn tentacles (Spider:3)
141 creatures vanquished.

Grand Total: 1182 creatures vanquished

Notes
Turn   | Place    | Note
-------+----------+-------------------------------------------
     0 | D:1      | MacCMillion the Minotaur Fighter began the quest for the
                  | Orb.
     0 | D:1      | Reached XP level 1. HP: 19/19 MP: 0/0
   224 | D:1      | Reached XP level 2. HP: 20/26 MP: 1/1
   648 | D:2      | You fall into a shaft and drop 1 floor!
   716 | D:3      | Reached XP level 3. HP: 31/31 MP: 2/2
   935 | D:3      | Found a runed translucent door.
   936 | D:3      | Noticed Crazy Yiuf
   945 | D:3      | Killed Crazy Yiuf
   946 | D:3      | Reached skill level 5 in Axes
   946 | D:3      | Reached XP level 4. HP: 30/39 MP: 0/3
  1081 | D:3      | Noticed Sigmund
  1756 | D:3      | Found a faded altar of an unknown god.
  2013 | D:4      | Noticed Grinder
  2018 | D:4      | Paralysed by Grinder for 2 turns
  2027 | D:4      | Killed Grinder
  2028 | D:4      | Reached XP level 5. HP: 18/45 MP: 4/4
  2028 | D:4      | Reached XP level 6. HP: 20/51 MP: 5/5
  2282 | D:4      | Found Evveur's Magic Scroll Shop.
  2287 | D:4      | Bought a scroll of identify for 28 gold pieces
  2350 | D:4      | Found a staircase to the Ecumenical Temple.
  2359 | Temple   | Entered the Ecumenical Temple
  2409 | Temple   | Became a worshipper of Warmaster Okawaru
  2585 | D:5      | Entered Level 5 of the Dungeon
  2588 | D:5      | Noticed a water moccasin
  2597 | D:5      | Killed a water moccasin
  2598 | D:5      | Reached skill level 1 in Invocations
  2849 | D:5      | Noticed an ice beast
  2862 | D:5      | Killed an ice beast
  2863 | D:5      | Reached XP level 7. HP: 57/57 MP: 7/7
  2867 | D:5      | Reached * piety under Okawaru
  3279 | D:5      | Found a hide-covered altar of Uskayaw.
  3973 | D:6      | Reached ** piety under Okawaru
  3974 | D:6      | Reached skill level 10 in Axes
  3977 | D:6      | Reached skill level 4 in Fighting
  4157 | D:6      | Reached XP level 8. HP: 54/66 MP: 9/9
  4533 | D:6      | Reached skill level 5 in Fighting
  4809 | D:7      | Found a burning altar of Makhleb.
  4877 | D:6      | Reached skill level 5 in Armour
  5426 | D:7      | Reached *** piety under Okawaru
  5470 | D:7      | Reached XP level 9. HP: 61/75 MP: 10/10
  5596 | D:7      | Reached skill level 6 in Fighting
  5603 | D:7      | Found a basalt altar of Yredelemnul.
  5672 | D:7      | Found a runed translucent gate.
  5672 | D:7      | Found a runed translucent gate.
  5672 | D:7      | Found a runed translucent gate.
  5677 | D:7      | Noticed a spectral unseen horror
  5679 | D:7      | Noticed a spectral unseen horror
  5680 | D:7      | Noticed Mysteryquy's ghost (novice MiBe)
  6104 | D:8      | Noticed a kobold demonologist
  6109 | D:8      | Noticed an orange demon
  6110 | D:8      | Killed a kobold demonologist
  6110 | D:8      | Reached **** piety under Okawaru
  6113 | D:8      | Received a gift from Okawaru
  6441 | D:8      | Reached skill level 7 in Fighting
  6685 | D:9      | Noticed a two-headed ogre
  6954 | D:9      | Killed a two-headed ogre
  7054 | D:9      | Reached XP level 10. HP: 86/86 MP: 12/12
  7361 | D:9      | Noticed Maggie
  7421 | D:9      | Reached skill level 5 in Invocations
  7539 | D:10     | Entered Level 10 of the Dungeon
  7661 | D:10     | Reached ***** piety under Okawaru
  7731 | D:9      | Reached skill level 8 in Fighting
  7869 | D:10     | Identified the +0 leather armour of the Bard {Dex+4 Stlth-}
  7905 | D:10     | Found a transporter.
  7908 | D:10     | Noticed MacCMillion's ghost (journeyman MiFi)
  7908 | D:10     | Noticed a two-headed ogre
  7909 | D:10     | Noticed a two-headed ogre
  7911 | D:10     | Identified the +4 dire flail of Goxzasou {venom, rElec
                  | rPois rC+ rN+}
  7911 | D:10     | Noticed a two-headed ogre
  7913 | D:10     | Found a transporter.
  8494 | D:11     | Noticed a boulder beetle
  8521 | D:11     | Killed a boulder beetle
  8521 | D:11     | Identified the +4 ring mail of Fionieph {rCorr Str+2}
                  | (Okawaru gifted it to you on level 11 of the Dungeon)
  8521 | D:11     | Received a gift from Okawaru
  8803 | D:11     | Reached skill level 9 in Fighting
  8803 | D:11     | Reached XP level 11. HP: 80/97 MP: 12/14
  8953 | D:11     | Identified a scroll of acquirement
  8954 | D:11     | Acquired 691 gold pieces
  8972 | D:11     | Noticed a two-headed ogre
  8980 | D:11     | Killed a two-headed ogre
  8981 | D:11     | Reached skill level 15 in Axes
  9342 | D:11     | Found a staircase to the Lair.
  9807 | D:11     | Found a staircase to the Orcish Mines.
 10021 | Lair:1   | Entered Level 1 of the Lair of Beasts
 10482 | Lair:1   | Identified the +0 scale mail of Sagufaw {rPois rF- Regen+
                  | Dex-2} (Okawaru gifted it to you on level 1 of the Lair of
                  | Beasts)
 10482 | Lair:1   | Received a gift from Okawaru
 10483 | Lair:1   | Reached skill level 10 in Fighting
 10614 | Lair:1   | Reached skill level 1 in Throwing
 11243 | Lair:2   | Noticed a lindwurm
 11261 | Lair:1   | Killed a lindwurm
 11262 | Lair:1   | Reached skill level 5 in Throwing
 11262 | Lair:1   | Reached XP level 12. HP: 97/106 MP: 15/17
 11458 | Lair:2   | Noticed Sonja
 11492 | Lair:2   | Killed Sonja
 11720 | Lair:2   | Noticed Gastronok
 11724 | Lair:2   | Upgraded the game from 0.30-b1-2-g02819fbbbe to
                  | 0.30-b1-5-g8e6c1be481
 11741 | Lair:2   | Killed Gastronok
 11832 | Lair:2   | Found a hole to the Spider Nest.
 12064 | Lair:2   | Reached skill level 10 in Armour
 12418 | Lair:2   | Found a staircase to the Swamp.
 12660 | Lair:2   | Identified the +6 broad axe of Ashromm {flame, rPois Will-
                  | rCorr} (Okawaru gifted it to you on level 2 of the Lair of
                  | Beasts)
 12660 | Lair:2   | Received a gift from Okawaru
 13017 | Lair:3   | Noticed a death yak
 13028 | Lair:2   | Killed a death yak
 13114 | Lair:3   | Noticed a five-headed hydra
 13122 | Lair:3   | Noticed a death yak
 13125 | Lair:3   | Killed a one-headed hydra
 13129 | Lair:3   | Killed a death yak
 13217 | Lair:3   | Noticed a death yak
 13217 | Lair:3   | Noticed a death yak
 13217 | Lair:3   | Noticed a death yak
 13231 | Lair:2   | Killed a death yak
 13303 | Lair:3   | Killed a death yak
 13308 | Lair:3   | Killed a death yak
 13309 | Lair:3   | Reached skill level 10 in Invocations
 13320 | Lair:3   | Reached XP level 13. HP: 109/114 MP: 17/19
 13453 | Lair:3   | Reached skill level 10 in Throwing
 13576 | Lair:3   | Found a runed translucent door.
 13577 | Lair:3   | Found a shimmering altar of Xom.
 13577 | Lair:3   | Noticed Seddiev's ghost (journeyman MiFi)
 13578 | Lair:3   | Identified the +11 rapier of Courage {chaos, Str+2}
 13611 | Lair:3   | Received a gift from Okawaru
 14093 | Lair:3   | Reached skill level 5 in Shields
 14199 | Lair:3   | Reached ****** piety under Okawaru
 14930 | Lair:4   | Found a frozen archway.
 14994 | IceCv    | Entered an ice cave
 15390 | IceCv    | Reached skill level 10 in Shields
 15628 | IceCv    | Identified the scarf of the Serpent {+Inv, +Inv Str-5
                  | Dex+9} (Okawaru gifted it to you in an ice cave)
 15628 | IceCv    | Received a gift from Okawaru
 15860 | IceCv    | Noticed a reaper
 15871 | IceCv    | Killed a reaper
 15872 | IceCv    | Reached skill level 1 in Stealth
 16178 | Lair:4   | Found a viscous altar of Jiyva.
 16179 | Lair:4   | Found a staircase to the Slime Pits.
 16435 | Lair:4   | Noticed Kirke
 16637 | Lair:4   | Killed Kirke
 16638 | Lair:4   | Reached skill level 11 in Fighting
 17010 | Lair:5   | Entered Level 5 of the Lair of Beasts
 17217 | Lair:5   | Found a runed translucent door.
 17559 | Lair:5   | Reached XP level 14. HP: 124/124 MP: 20/20
 18099 | Lair:5   | Identified the +10 hand crossbow of Imulitsou {penet, rC+}
                  | (Okawaru gifted it to you on level 5 of the Lair of Beasts)
 18099 | Lair:5   | Received a gift from Okawaru
 18743 | Lair:5   | Reached skill level 12 in Fighting
 18789 | Lair:5   | Received a gift from Okawaru
 19870 | Orc:1    | Entered Level 1 of the Orcish Mines
 20142 | Orc:1    | Found a radiant altar of Vehumet.
 20386 | Orc:2    | Entered Level 2 of the Orcish Mines
 21047 | Orc:2    | Received a gift from Okawaru
 21099 | Orc:2    | Found a staircase to the Elven Halls.
 21168 | Orc:2    | Paralysed by an orc sorcerer for 2 turns
 21867 | Orc:2    | Found Nyicolut's Weapon Boutique.
 21867 | Orc:2    | Found Gyrah's Distillery.
 21885 | Orc:2    | Received a gift from Okawaru
 21886 | Orc:2    | Found Joahog's Weapon Shoppe.
 22158 | Orc:2    | Found Zadohewo's Antique Armour Shoppe.
 22336 | Orc:1    | Found Citiff's CLEARANCE SALE!.
 22526 | D:12     | Reached skill level 13 in Fighting
 23044 | D:13     | Reached XP level 15. HP: 90/135 MP: 16/21
 23405 | D:13     | Received a gift from Okawaru
 23889 | D:14     | Received a gift from Okawaru
 24069 | D:14     | Found a sparkling altar of Nemelex Xobeh.
 24504 | D:14     | Identified the +1 scale mail "Nenom" {Str+4}
 25188 | D:14     | Found a gate to the Vaults.
 25334 | D:14     | Reached skill level 1 in Dodging
 25492 | D:15     | Entered Level 15 of the Dungeon
 25628 | D:15     | Identified the +1 scale mail "Daylises" {Int+2} (Okawaru
                  | gifted it to you on level 15 of the Dungeon)
 25628 | D:15     | Received a gift from Okawaru
 25834 | D:15     | Noticed Louise
 25991 | D:15     | Reached skill level 5 in Dodging
 26064 | D:15     | Identified the +1 dagger "Xemuomush" {flame, Fly Str+4
                  | Dex+2 Stlth-}
 26300 | Spider:1 | Entered Level 1 of the Spider Nest
 27240 | Spider:1 | Reached skill level 14 in Fighting
 28242 | Spider:2 | Received a gift from Okawaru
 28571 | Spider:2 | Got the Writings on the Star-crossed Cumulonimbus
 28578 | Spider:2 | Identified the staff of air "Kood" {rElec rCorr}
 28601 | Spider:2 | Reached XP level 16. HP: 147/147 MP: 22/22
 28992 | Spider:2 | Noticed Arachne
 29251 | Spider:2 | Killed Arachne
 29252 | Spider:2 | Reached skill level 15 in Fighting
 29727 | Spider:2 | Reached skill level 15 in Shields
 31354 | Spider:3 | Noticed Bai Suzhen
 31577 | Spider:3 | Killed Bai Suzhen
 31804 | Spider:3 | Noticed Mlioglotl
 31809 | Spider:3 | Received a gift from Okawaru
 31810 | Spider:3 | Noticed a tentacled starspawn
 31820 | Spider:3 | Killed Mlioglotl
 31953 | Spider:3 | Paralysed by a jorogumo for 1 turns
 32729 | Spider:3 | Received a gift from Okawaru
 32846 | Spider:3 | Noticed Nikola
 32872 | Spider:3 | Killed Nikola
 33119 | Spider:3 | Reached skill level 16 in Fighting
 33362 | Spider:3 | Noticed Azrael
 33452 | Spider:3 | Killed Azrael
 33628 | Spider:3 | Received a gift from Okawaru
 33703 | Spider:4 | Entered Level 4 of the Spider Nest
 34315 | Spider:4 | Received a gift from Okawaru
 34608 | Spider:4 | Received a gift from Okawaru
 34662 | Spider:4 | Reached XP level 17. HP: 160/160 MP: 23/23
 35331 | Spider:4 | Reached skill level 15 in Armour
 35473 | Spider:4 | Noticed Agnes
 35502 | Spider:4 | Killed Agnes
 35516 | Spider:4 | Reached skill level 17 in Fighting
 35529 | Spider:4 | Received a gift from Okawaru
 36277 | Spider:4 | Identified the orb of the Fiddle {*Rage, rPois Will+}
 36287 | Spider:4 | Got a gossamer rune of Zot
 36619 | Swamp:1  | Entered Level 1 of the Swamp
 36624 | Swamp:1  | Received a gift from Okawaru
 36943 | Swamp:1  | Identified the +4 trident "Onas" {pain, Will++}
 37055 | Swamp:1  | Received a gift from Okawaru
 38185 | Swamp:3  | Got the Omnibus of Shapeshifting and Accomplices
 38437 | Swamp:3  | Noticed Mara
 38460 | Swamp:3  | HP: 6/163 [Mara (illusionary)/bolt of fire (24)]
 38984 | Swamp:4  | Entered Level 4 of the Swamp
 39013 | Swamp:3  | Received a gift from Okawaru
 39255 | Swamp:4  | Reached skill level 18 in Fighting
 39702 | Swamp:4  | Received a gift from Okawaru
 40044 | Swamp:4  | Identified the +1 scale mail of a sewer {-Tele rPois rCorr
                  | Int+2} (Okawaru gifted it to you on level 4 of the Swamp)
 40044 | Swamp:4  | Received a gift from Okawaru
 40045 | Swamp:4  | Reached skill level 15 in Throwing
 40633 | Swamp:4  | Found the +9 sword of Power {lifebolt}
 41148 | Swamp:4  | Noticed a tentacled monstrosity
 41160 | Swamp:4  | Reached skill level 19 in Fighting
 41167 | Swamp:4  | Killed a tentacled monstrosity
 41254 | Swamp:4  | Reached XP level 18. HP: 169/175 MP: 24/24
 42023 | Swamp:4  | Got a decaying rune of Zot
 42387 | Vaults:1 | Entered Level 1 of the Vaults
 42412 | Vaults:1 | Reached skill level 20 in Fighting
 42623 | Vaults:1 | Received a gift from Okawaru
 42738 | Vaults:1 | Paralysed by a great orb of eyes for 4 turns
 42747 | Vaults:1 | Paralysed by a great orb of eyes for 4 turns
 43082 | Vaults:1 | Found Laastrabb's Assorted Antiques.
 43234 | Vaults:1 | Bought a glowing cloak for 172 gold pieces
 43343 | Vaults:1 | Reached skill level 10 in Dodging
 43586 | Vaults:1 | Identified the +2 ring mail of Ecroklel {*Corrode rN+
                  | Dex+2}
 43602 | Vaults:1 | Received a gift from Okawaru
 44985 | Vaults:1 | Received a gift from Okawaru
 45401 | Vaults:1 | Identified the +2 dagger of Sushud {freeze, rC+ rCorr Str+2
                  | Int-5}
 45609 | Vaults:2 | Shot with a bolt by a yaktaur captain

Illustrated notes

Levels and vault maps discovered:
D:1:      dpeg_arrival_rhombi, layout_rooms
D:2:      layout_loops_ring
D:3:      layout_basic, shapermc_ecumenical_altar_acropolis, uniq_sigmund,
          uniq_crazy_yiuf_cottage
D:4:      layout_cave_pools, minmay_temple_entry_offerings, serial_shops,
          nicolae_shop_statue_plus, corexii_corridor_pit, uniq_grinder
D:5:      layout_basic, nicolae_uskayaw_suspiria
D:6:      layout_basic, serial_bayou_pond_e, minmay_fractal_squares_gapless_5
D:7:      layout_gridville, mainiacjoe_overflow_large_starburst,
          gammafunk_ghost_necromancy, minmay_a_box_with_orc_wizards_in_it
D:8:      layout_rooms
D:9:      layout_basic, uniq_maggie
D:10:     layout_rooms, gammafunk_ghost_smash, kennysheep_generic_room_16
D:11:     layout_roguey, due_lair_maze_entry_diamond, erik_orc_2, minmay_between
D:12:     layout_long_grid
D:13:     layout_rooms
D:14:     layout_roguey, skrybe_vaults_entry_preservation,
          nemelex_xobeh_ov_fountains_minmay
D:15:     grunt_enter_depths_magical_seal, layout_rooms,
          minmay_misc_feat_enclosed, uniq_louise
Temple:   nicolae_temple_bog_church
Lair:1:   layout_chaotic_city, grunt_megastairs_4
Lair:2:   layout_gridlike, nicolae_swamp_entry_splash_gauntlet,
          dummy_spider_entry, uniq_gastronok, uniq_sonja
Lair:3:   layout_misc_corridors, ebering_ghost_xom, st_stairs_4,
          grunt_megastairs_5, infiniplex_staircase_pool_2
Lair:4:   layout_regular_city, slime_entry_1, portal_ice_cave_entry_pillars_2,
          kennysheep_basilisk_garden, lemuel_fruit_fields, uniq_kirke
Lair:5:   wormcave, layout_regular_city, hangedman_lair_caniforms_friends
Swamp:1:  layout_basic_swamp, hangedman_swamp_pad
Swamp:2:  layout_basic_swamp, nicolae_swamp_big_swirl
Swamp:3:  layout_falls_marsh, evilmike_swamp_ruin_rubble_1,
          nicolae_swamp_soggy_hallways, uniq_mara
Swamp:4:  nzn_swamp_witches_coven, layout_basic_swamp, grunt_lady_of_the_lake
Spider:1: nicolae_spider_jumping_over_cracks [nicolae_spider_jumping_sub_pools,
          nicolae_spider_jumping_sub_moat, nicolae_spider_jumping_sub_lava,
          nicolae_spider_jumping_sub_grid], drop_trap
Spider:2: layout_cave_pods, uniq_arachne
Spider:3: nicolae_spider_hilbert_zone_4 [nicolae_spider_hilbert_4_sides_2_open,
          nicolae_spider_hilbert_4_sides_1_open,
          nicolae_spider_hilbert_4_sides_1_open,
          nicolae_spider_hilbert_4_sides_1_open,
          nicolae_spider_hilbert_4_sides_1_open,
          nicolae_spider_hilbert_2_sides_1_open,
          nicolae_spider_hilbert_2_sides_1_open,
          nicolae_spider_hilbert_2_sides_1_open,
          nicolae_spider_hilbert_2_sides_1_open,
          nicolae_spider_hilbert_6_sides_1_open,
          nicolae_spider_hilbert_6_sides_1_open,
          nicolae_spider_hilbert_3_sides_1_open,
          nicolae_spider_hilbert_3_sides_1_open], drop_trap, uniq_azrael,
          uniq_nikola, uniq_mlioglotl, uniq_bai_suzhen
Spider:4: grunt_spider_rune_circles, uniq_agnes
Orc:1:    layout_caves, basic_altar, nicolae_shop_clearance
Orc:2:    st_orc_elflike, layout_diamond_mine, basic_altar,
          nicolae_orc_tapped_out
Vaults:1: nicolae_vaults_twisting_passages, st_check, nicolae_vaults_six-pack,
          nicolae_vaults_what_the_h, nicolae_vaults_ninety_degrees,
          nicolae_vaults_triangles, hangedman_vaults_slice,
          vaults_room_large_hall, vaults_room_semicircle,
          ontoclasm_vaults_gateway, grunt_vaults_hallway_short,
          nicolae_vaults_layer_cake_slice, layout_vaults_omnicross,
          serial_shops, nicolae_shop_tiny_glass
Vaults:2: gammafunk_ghost_ooze, v_misc_32, hangedman_vaults_river_flow,
          v_misc_29, v_misc_14, v_misc_27,
          nicolae_vaults_taking_the_gang_shopping,
          nicolae_vaults_ring_of_whatevers, grunt_vaults_funnel,
          nicolae_vaults_trapezoid_2, ontoclasm_vaults_twist,
          nicolae_vaults_little_squares_6, layout_vaults_big_room, serial_shops,
          nicolae_shop_crystal

Skill      XL: |  1  2  3  4  5  6  7  8  9 10 11 12 13 14 15 16 17 18 |
---------------+-------------------------------------------------------+-----
Axes           | 3 5 7 8 10 11 13 14 16 | 16.0
Shields        | 4 11 12 14 15 | 15.0
Invocations    | 2 3 4 6 8 10 12 | 12.2
Fighting       | 4 5 7 9 10 11 13 14 16 19 20 | 20.0
Armour         | 5 7 8 9 10 11 12 13 14 16 | 16.0
Throwing       | 5 9 10 11 13 15 | 15.0
Stealth        | 3 4 |  4.0
Dodging        | 8 11 | 11.2

Action                     |  1- 3 |  4- 6 |  7- 9 | 10-12 | 13-15 | 16-18 || total
---------------------------+-------+-------+-------+-------+-------+-------++-------
  Melee: War axe           |    82 |    58 |   279 |   514 |       |       ||   933
         Headbutt          |     9 |    10 |    41 |   117 |   292 |   401 ||   870
         Broad axe         |       |       |       |    44 |  1235 |  1466 ||  2745
  Throw: Dart              |       |       |     4 |     3 |    38 |    33 ||    78
         Boomerang         |       |       |     3 |    11 |    66 |    34 ||   114
         Throwing net      |       |       |       |     1 |       |     1 ||     2
         Javelin           |       |       |       |       |       |     1 ||     1
 Invoke: Heroism           |       |       |     1 |     2 |     1 |     1 ||     5
         Finesse           |       |       |       |     3 |     5 |    14 ||    22
  Evoke: Wand              |       |       |       |     2 |       |     2 ||     4
    Use: Scroll            |       |     4 |       |     8 |    19 |     7 ||    38
         Potion            |       |       |       |       |       |     7 ||     7
   Stab: Sleeping          |       |       |       |     2 |    13 |       ||    15
         Distracted        |       |       |       |     1 |       |       ||     1
         Petrified         |       |       |       |       |     2 |       ||     2
 Armour: Scale mail        |    35 |    25 |    25 |       |       |       ||    85
         Chain mail        |       |       |    14 |       |       |       ||    14
         Plate armour      |       |       |   112 |       |       |       ||   112
         Shadow dragon sca |       |       |    35 |   310 |   799 |       ||  1144
         Crystal plate arm |       |       |       |       |       |   869 ||   869
  Dodge: Dodged            |    29 |    28 |    77 |   158 |   327 |   315 ||   934
  Block: Buckler           |    19 |    12 |    44 |    86 |    81 |       ||   242
         Kite shield       |       |       |       |       |   493 |   746 ||  1239
